 Dungeon Crawl Stone Soup version 0.27.1-33-g824d729ab1 (webtiles) character file.

Game seed: 12917771476226492666

15 SensoryNuts the Cudgeller (level 2, -1/23 (29) HPs)
             Began as a Troll Monk on Dec 6, 2021.
             Slain by Jessica (5 damage)
             ... on level 2 of the Dungeon.
             The game lasted 00:00:47 (695 turns).

SensoryNuts the Cudgeller (Troll Monk)               Turns: 695, Time: 00:00:48

HP:   -1/23 (29)    AC:  4    Str: 18    XL:     2   Next: 34%
MP:   1/1           EV: 10    Int:  6    God:
Gold: 77            SH:  0    Dex: 12    Spells: 1/1 levels left

rFire    . . .     SeeInvis .   a - +0 mace
rCold    . . .     Faith    .   (no shield)
rNeg     . . .     Spirit   .   b - +0 robe
rPois    .         Reflect  .   (helmet restricted)
rElec    .         Harm     .   (no cloak)
rCorr    .         Rampage  .   (gloves unavailable)
Will     .....                  (boots unavailable)
Stlth    ++........             (no amulet)
HPRegen  1.07/turn              (no ring)
MPRegen  0.07/turn              (no ring)

@: heavily drained
A: large, unfitting armour, claws 3, regeneration 1, shaggy fur 1, tough skin 1
a: no special abilities


You were on level 2 of the Dungeon.
You visited 1 branch of the dungeon, and saw 2 of its levels.

You collected 77 gold pieces.

Inventory:

Hand Weapons
 a - a +0 mace (weapon)
Armour
 b - a +0 robe (worn)
Jewellery
 j - a +4 ring of evasion
Scrolls
 e - a scroll of amnesia {unknown}
 g - a scroll of identify {unknown}
 h - a scroll of enchant weapon {unknown}
 i - a scroll of fear {unknown}
Potions
 c - a potion of flight {unknown}
 d - a potion of attraction {unknown}
 f - a potion of invisibility {unknown}
 k - a potion of heal wounds {unknown}


   Skills:
 + Level 2.6 Fighting
 + Level 3.0 Maces & Flails
 + Level 2.7 Dodging
 + Level 1.0 Stealth


You had one spell level left.
You didn't know any spells.
Your spell library was empty.

Dungeon Overview and Level Annotations

Branches:
Dungeon (2/15)

Altars:

Annotations:
D:2 Jessica


Innate Abilities, Weirdness & Mutations

You are too large for most types of armour.
You have claws for hands.
Your natural rate of healing is unusually fast.
You are covered in fur. (AC +1)
You have tough skin. (AC +1)


Message History

Jessica mumbles some strange words.
Jessica seems to speed up.
Jessica is nearby!
Jessica gestures at you while chanting.
You barely resist.
Jessica is nearby!
Jessica is nearby!
Jessica is nearby!
Jessica is nearby!
You barely miss Jessica.
Jessica casts a spell.
Jessica blinks!
A giant cockroach comes into view.
You completely miss Jessica.
Jessica hits you with a +5 dagger of draining!
You feel drained. Jessica barely misses you.
You barely miss Jessica.
Jessica hits you with a +5 dagger of draining.
You feel drained. Jessica barely misses you.
There are monsters nearby!
There are monsters nearby!
You hit Jessica but do no damage.
Jessica hits you with a +5 dagger of draining.
You feel drained.
Jessica hits you with a +5 dagger of draining!
You feel drained. The giant cockroach closely misses you.
You are too injured to fight recklessly!
You are too injured to fight recklessly!
You are too injured to fight recklessly!
You are too injured to fight recklessly!
You barely miss Jessica.
Jessica hits you with a +5 dagger of draining!
* * * LOW HITPOINT WARNING * * *
You feel drained.
* * * LOW HITPOINT WARNING * * *
The giant cockroach closely misses you. Jessica closely misses you.
You closely miss Jessica. Jessica barely misses you.
The giant cockroach bites you but does no damage.
Jessica hits you with a +5 dagger of draining.
You die...

### ##.##############
#.#.............#
##.############.# #.#
##@## #.# ##.@.## #.#
#..B..# #.# #...$...#
#.##### #...........
#.....## #.....<.####
######...####......##
...........##.#<....
#####....#.##.#######
# #.#.## ##.


You could see Jessica (fast) and a giant cockroach.

Vanquished Creatures
  A dart slug (D:1)
  A ball python (D:1)
  2 endoplasms (D:1)
  A giant cockroach (D:1)
  2 hobgoblins
  A kobold (D:1)
  2 bats (D:1)
  2 rats
12 creatures vanquished.

Notes
Turn   | Place    | Note
-------+----------+-------------------------------------------
     0 | D:1      | SensoryNuts the Troll Monk began the quest for the Orb.
     0 | D:1      | Reached XP level 1. HP: 22/22 MP: 0/0
   197 | D:1      | Reached XP level 2. HP: 29/29 MP: 1/1
   642 | D:2      | Reached skill level 3 in Maces & Flails
   684 | D:2      | Noticed Jessica
   695 | D:2      | Slain by Jessica

Illustrated notes

Levels and vault maps discovered:
D:1:      dpeg_arrival_water_temple_mockup, layout_basic
D:2:      layout_loops_ring, basic_altar, hellmonk_ecumenical_altar_arch_garden,
          minmay_randomly_rotated_circles, uniq_crazy_yiuf_cottage,
          uniq_sigmund, uniq_jessica

Skill      XL: |  1  2 |
---------------+-------+-----
Maces & Flails | 3 |  3.0
Fighting       | |  2.6
Dodging        | |  2.7
Stealth        | |  1.0

Action                   || total
-------------------------++-------
Melee: Mace              ||    36
 Stab: Sleeping          ||     1
Armor: Robe              ||    13
Dodge: Dodged            ||    13
